 Dungeon Crawl Stone Soup version 0.30.0-29-ga12c61a403 (webtiles) character file.

Game seed: 10077382284827067719

4853 Fecro the Covert (level 10, -2/49 HPs)
             Began as a Spriggan Brigand on June 23, 2023.
             Was a Follower of Dithmenos.
             Slain by a sixfirhy (12 damage)
             ... on level 2 of the Abyss.
             The game lasted 00:45:36 (12459 turns).

Fecro the Covert (Spriggan Brigand)                Turns: 12459, Time: 00:45:37

Health: -2/49      AC:  6    Str:  7    XL:     10   Next: 25%
Magic:  11/11      EV: 19    Int: 13    God:    Dithmenos [*.....]
Gold:   426        SH:  0    Dex: 21    Spells: 9/9 levels left

rFire   . . .        a - +2 dagger (venom)
rCold   . . .        (no shield)
rNeg    . . .        b - +0 steam dragon scales
rPois   .            (helmet restricted)
rElec   .            c - +0 cloak
rCorr   .            (gloves unavailable)
SInv    +            (boots unavailable)
Will    +....        (no amulet)
Stlth   ++++++       (no ring)
HPRegen 0.28/turn    (no ring)
MPRegen 0.12/turn

%: no passive effects
@: about to teleport, wreathed by umbra, very quick
A: very small, no large weapons, unfitting armour, see invisible, speed 3
a: Renounce Religion


You were on level 2 of the Abyss.
You worshipped Dithmenos.
Dithmenos was aware of your devotion.
You visited 2 branches of the dungeon, and saw 10 of its levels.
You visited the Abyss 1 time.

You collected 426 gold pieces.

Inventory:

Hand Weapons
 a - a +2 dagger of venom (weapon)
 C - a +0 sling
Missiles
 d - 26 poisoned darts
 e - a curare-tipped dart
 g - 88 stones
 D - 2 boomerangs (quivered)
 M - 2 boomerangs of dispersal
Armour
 b - +0 steam dragon scales (worn)
 c - a +0 cloak (worn)
Jewellery
 k - a ring of protection from fire
 u - a ring of protection from cold
 L - a ring of willpower
Wands
 y - a wand of charming (17)
 E - a wand of polymorph (5)
 O - a wand of quicksilver (8)
Scrolls
 f - 9 scrolls of identify {unknown}
 h - a scroll of noise
 j - 3 scrolls of magic mapping
 m - 2 scrolls of amnesia
 o - 3 scrolls of blinking {unknown}
 p - 2 scrolls of torment {unknown}
 s - 2 scrolls of immolation
 v - 2 scrolls of enchant armour {unknown}
 z - 2 scrolls of poison {unknown}
 B - a scroll of fog {unknown}
 H - a scroll of fear {unknown}
 I - 4 scrolls of teleportation
 J - 2 scrolls of vulnerability {unknown}
 K - a scroll of acquirement {unknown}
 N - a scroll of enchant weapon {unknown}
Potions
 i - a potion of berserk rage {unknown}
 l - 3 potions of mutation {unknown}
 n - a potion of brilliance
 q - 2 potions of flight {unknown}
 r - 2 potions of haste
 t - a potion of degeneration {unknown}
 w - a potion of attraction {unknown}
 x - 4 potions of curing {unknown}
 A - a potion of ambrosia {unknown}
 F - 3 potions of heal wounds {unknown}
 G - 2 potions of cancellation {unknown}


   Skills:
 + Level 3.6 Fighting
 + Level 5.1 Short Blades
 + Level 7.3 Ranged Weapons
 * Level 9.1 Throwing
 + Level 4.1 Dodging
 * Level 12.6 Stealth


You had 9 spell levels left.
You didn't know any spells.
Your spell library contained the following spells:

 Spells                   Type           Power      Damage    Failure   Level
 Magic Dart               Conj           0%         1d3       30%         1
 Call Imp                 Summ           0%         N/A       43%         2
 Scorch                   Fire           0%         2d5       43%         2
 Mephitic Cloud           Conj/Pois/Air  0%         N/A       67%         3
 Flame Wave               Conj/Fire      0%         2d4       97%         4
 Summon Cactus Giant      Summ           0%         N/A       100%        6


Dungeon Overview and Level Annotations

Branches:
Dungeon (9/15)             Temple (1/1) D:7            Lair (0/5) D:8
    Orc: D:9-12

Altars:
Cheibriados
Dithmenos
Fedhas
Gozag
Hepliaklqana
Kikubaaqudgha
Makhleb
Okawaru
Qazlal
Trog
Uskayaw
Wu Jian
Xom
Yredelemnul
The Shining One


Innate Abilities, Weirdness & Mutations

You are very small and have problems with some larger weapons.
You are too small for most types of armour.
You have supernaturally acute eyesight. (SInv)
You cover ground extremely quickly. (Speed+++)


Message History

Found a gateway leading deeper into the Abyss.
There is a gateway leading deeper into the Abyss here.
You plunge deeper into the Abyss.
Found a corrupted altar of Lugonu.
There is a corrupted altar of Lugonu here.
Okay, then.
Sorry, you can't auto-travel out of here.
A raiju comes into view.
A bunyip zombie comes into view.
A smoke demon comes into view.
A sixfirhy comes into view.
The sixfirhy closely misses you.
As you read the scroll labelled DUMOAJEONG, it crumbles to dust.
You feel momentarily disoriented.
It was a scroll of magic mapping.
Unknown command.
As you read the scroll labelled AMYDOOTIUM, it crumbles to dust.
It is a scroll of amnesia.
You feel forgetful for a moment. The sixfirhy hits you!
The sixfirhy shocks you! The sixfirhy closely misses you.
As you read the scroll labelled NIKOGR ZAILYAGG, it crumbles to dust.
You hear a loud clanging noise!
It was a scroll of noise.
You hear a shout!
The sixfirhy barely misses you. The sixfirhy hits you. The sixfirhy shocks you!
The sixfirhy completely misses you. The sixfirhy closely misses you.
Unknown command.
As you read the scroll labelled XEUMIKHL CISTEI, it crumbles to dust.
The creatures around you are filled with an inner flame!
It was a scroll of immolation.
Unknown command.
As you read the scroll labelled JAL MU CALL, it crumbles to dust.
You feel strangely unstable.
You feel the power of the Abyss delaying your translocation!
It was a scroll of teleportation.
Unknown command.
The sixfirhy misses you. The sixfirhy closely misses you.
The sixfirhy hits you!
* * * LOW HITPOINT WARNING * * *
The sixfirhy shocks you!
You die...

## .# ## # .#
. . # ..#. #.
## ..## # #.
3# ###
#...#..###@#
###.##.##3##
#...#..#...#
#..######....
# #.#.....
##.## #.
###.# . #. ##
#.# #.# ## #
#


You could see a sixfirhy (inner flame).

Vanquished Creatures
  A hornet (D:7)
  Grinder (D:5)
  Sigmund (D:5)
  A wraith (D:8)
  6 humans
  Eustachio (D:4)
  A steam dragon (D:8)
  2 wargs (D:7)
  2 ice beasts
  3 orc warriors
  A black bear (D:8)
  2 ogres
  Blork the orc (D:5)
  A phantom (D:7)
  2 bullfrogs
  4 scorpions
  13 wights
  2 crimson imps (D:8)
  3 hounds
  2 jellies
  3 orc priests
  2 sleepcaps
  2 iguanas (D:6)
  8 orc wizards
  4 gnolls (D:5)
  9 adders
  A shadow imp (D:7)
  A worm (D:3)
  6 dart slugs
  28 orcs
  9 ball pythons
  5 bats
  7 endoplasms
  5 giant cockroaches
  3 hobgoblins
  A quokka (D:2)
  2 frilled lizards
  8 goblins
  9 kobolds
  4 rats
  A butterfly (D:7)
168 creatures vanquished.

Vanquished Creatures (collateral kills)
  An orc priest (D:8)
  3 orcs (D:8)
4 creatures vanquished.

Grand Total: 172 creatures vanquished

Notes
Turn   | Place    | Note
-------+----------+-------------------------------------------
     0 | D:1      | Fecro the Spriggan Brigand began the quest for the Orb.
     0 | D:1      | Reached XP level 1. HP: 10/10 MP: 2/2
    53 | D:1      | Reached skill level 6 in Stealth
   178 | D:1      | Reached XP level 2. HP: 15/15 MP: 3/3
  1088 | D:2      | Reached skill level 7 in Stealth
  1124 | D:2      | Reached XP level 3. HP: 18/18 MP: 4/4
  1882 | D:3      | Reached XP level 4. HP: 20/23 MP: 5/5
  2620 | D:4      | Identified the +3 scimitar of the Verdant God {protect, rN+
                  | Dex+2}
  3043 | D:3      | HP: 1/23 [sleepcap (16)]
  3077 | D:3      | Reached XP level 5. HP: 7/26 MP: 6/6
  3380 | D:3      | Reached skill level 1 in Ranged Weapons
  3380 | D:3      | Reached skill level 8 in Stealth
  3693 | D:4      | Noticed Eustachio
  3839 | D:4      | Killed Eustachio
  3840 | D:4      | Reached XP level 6. HP: 18/30 MP: 7/7
  4106 | D:5      | Entered Level 5 of the Dungeon
  4111 | D:5      | Noticed Sigmund
  4124 | D:5      | Killed Sigmund
  4125 | D:5      | Reached XP level 7. HP: 24/35 MP: 8/8
  4584 | D:5      | Noticed Blork the orc
  4615 | D:5      | Killed Blork the orc
  4616 | D:5      | Reached skill level 9 in Stealth
  4984 | D:5      | Reached skill level 5 in Throwing
  5174 | D:5      | Found a hide-covered altar of Uskayaw.
  5465 | D:5      | Noticed Grinder
  5620 | D:5      | Paralysed by Grinder for 3 turns
  5733 | D:5      | Paralysed by Grinder for 3 turns
  5760 | D:5      | Killed Grinder
  5761 | D:5      | Reached XP level 8. HP: 39/39 MP: 9/9
  5908 | D:6      | Found a snail-covered altar of Cheibriados.
  6283 | D:6      | Reached skill level 5 in Ranged Weapons
  6787 | D:5      | Reached skill level 10 in Stealth
  7233 | D:5      | Reached XP level 9. HP: 27/44 MP: 10/10
  8916 | D:7      | Reached skill level 11 in Stealth
  9382 | D:7      | Reached skill level 12 in Stealth
  9561 | D:7      | Found a staircase to the Ecumenical Temple.
  9571 | Temple   | Entered the Ecumenical Temple
  9599 | Temple   | Became a worshipper of Dithmenos the Shadowed
  9986 | D:8      | Reached skill level 5 in Short Blades
 10139 | D:8      | Reached XP level 10. HP: 41/49 MP: 11/11
 10568 | D:8      | Found a staircase to the Lair.
 11103 | D:8      | Found a hazy altar of Hepliaklqana.
 11324 | D:8      | Found a stormy altar of Qazlal.
 12019 | D:9      | Found a shimmering altar of Xom.
 12043 | D:8      | Reached * piety under Dithmenos
 12096 | Abyss:1  | Cast into level 1 of the Abyss (crimson imp)
 12218 | Abyss:1  | Noticed a rust devil
 12221 | Abyss:1  | Noticed a starcursed mass
 12309 | Abyss:1  | Noticed a tentacled starspawn
 12323 | Abyss:2  | Found a corrupted altar of Lugonu.
 12398 | Abyss:2  | Noticed a smoke demon
 12449 | Abyss:2  | Noticed a sixfirhy
 12459 | Abyss:2  | Slain by a sixfirhy

Illustrated notes

Levels and vault maps discovered:
D:1:      kennysheep_arrival_seaside, layout_basic, minmay_tree_intersection,
          minmay_hexomino_u4
D:2:      layout_basic
D:3:      layout_loops_ring, chequers_serial_rivers_small_3
D:4:      layout_loops_cross, uniq_eustachio
D:5:      layout_cave_pools, marbit_many_paths, uniq_blork_the_orc,
          uniq_sigmund, uniq_grinder
D:6:      layout_loops_corners, mainiacjoe_overflow_chevrons, minmay_ruffians
D:7:      layout_basic, minmay_temple_entry_butterflies
D:8:      layout_gridville, mainiacjoe_overflow_brackets,
          mainiacjoe_overflow_boulevard, erik_lair_orcish_takeover,
          minmay_stone_trees_medium
D:9:      layout_roguey, led_xom_imps, enter_bailey_2, serial_shops, shop,
          uniq_psyche, uniq_erolcha, uniq_erica
Temple:   nicolae_temple_bog_church
Abyss:2:  base:
D:4

Skill      XL: |  1  2  3  4  5  6  7  8  9 10 |
---------------+-------------------------------+-----
Stealth        | 6 7 8 9 10 12 | 12.6
Short Blades   | 3 4 5 |  5.1
Fighting       | 2 3 |  3.6
Throwing       | 3 4 5 6 8 9 |  9.1
Ranged Weapons | 2 4 5 7 |  7.3
Dodging        | 2 3 4 |  4.1

Action                     |  1- 3 |  4- 6 |  7- 9 | 10-12 || total
---------------------------+-------+-------+-------+-------++-------
  Melee: Dagger            |   102 |   123 |   271 |    75 ||   571
         Punch             |     2 |     4 |     1 |     1 ||     8
   Fire: Sling             |       |    21 |   228 |    39 ||   288
  Throw: Dart              |       |    22 |    46 |    14 ||    82
         Boomerang         |       |     5 |    97 |    78 ||   180
  Evoke: Wand              |       |       |       |     3 ||     3
    Use: Scroll            |       |       |       |     5 ||     5
   Stab: Sleeping          |    18 |    10 |    17 |     1 ||    46
 Armour: Robe              |    11 |    13 |    17 |       ||    41
         Steam dragon scal |       |       |     2 |    11 ||    13
  Dodge: Dodged            |    62 |    83 |   179 |    51 ||   375
